 Dungeon Crawl Stone Soup version 0.20.1-1-g8b1a95d (webtiles) character file.

277 dohliylev the Covert (level 6, -5/41 HPs)
             Began as a Vampire Enchanter on Dec 25, 2017.
             Slain by an ogre
             ... wielding a +0 giant club
              (22 damage)
             ... on level 4 of the Dungeon.
             The game lasted 00:08:28 (3650 turns).

dohliylev the Covert (Vampire Enchanter)            Turns: 3650, Time: 00:08:29

Health: -5/41      AC:  2    Str:  7    XL:     6   Next: 4%
Magic:  2/9        EV: 12    Int: 20    God:
Gold:   140        SH:  0    Dex: 14    Spells: 3/9 levels left

rFire    . . .     SeeInvis +   k - +0 short sword (speed)
rCold    . . .     Gourm    .   (no shield)
rNeg     . . .     Faith    .   b - +0 robe
rPois    .         Spirit   .   (no helmet)
rElec    .         Reflect  .   (no cloak)
rCorr    .         Harm     .   (no gloves)
MR       +....                  (no boots)
Stlth    +++++.....             (no amulet)
Regen    0.4/turn               j - ring of stealth
MPRegen  0.2/turn               a - ring of protection from magic

@: regenerating quickly
A: fangs 3, see invisible, unbreathing
a: no special abilities


You were on level 4 of the Dungeon.
You were full.

You visited 1 branch of the dungeon, and saw 4 of its levels.

You collected 140 gold pieces.

Inventory:

Hand Weapons
 k - a +0 short sword of speed (weapon)
Armour
 b - a +0 robe (worn)
Jewellery
 a - a ring of protection from magic (right hand)
 j - a ring of stealth (left hand)
 p - an uncursed ring of protection from cold {unknown}
 r - an uncursed amulet of magic regeneration {unknown}
Scrolls
 c - 2 scrolls of teleportation {unknown}
 f - 2 scrolls of enchant armour {unknown}
 g - a scroll of recharging {unknown}
 i - 7 scrolls of identify {unknown}
 m - 4 scrolls of remove curse {unknown}
Potions
 d - 3 potions of blood
 e - 6 potions of curing {unknown}
 h - a potion of lignification {unknown}
 l - 2 potions of heal wounds {unknown}
 n - 2 potions of brilliance {unknown}
 o - a potion of berserk rage {unknown}
 q - a potion of degeneration {unknown}


   Skills:
 + Level 1.1 Short Blades
 - Level 2.1 Dodging
 - Level 9.3 Stealth
 - Level 2.1 Spellcasting
 - Level 6.0 Hexes


You had 3 spell levels left.
You knew the following spells:

 Your Spells              Type           Power        Failure   Level  Hunger
a - Corona                Hex            ####...      1%          1    #......
b - Ensorcelled Hibernat  Hex/Ice        ##....       7%          2    ##.....
c - Confuse               Hex            ####....     3%          3    ###....


Dungeon Overview and Level Annotations

Branches:
Dungeon (4/15)
 Temple: D:4-7

Altars:
Okawaru


Innate Abilities, Weirdness & Mutations

Your natural rate of healing is unusually fast.
You have razor-sharp teeth.
You have supernaturally acute eyesight. (SInv)
You can survive without breathing.


Message History

Aiming: Ensorcelled Hibernation
Press: ? - help, Shift-Dir - straight line, f/p - ogre
Aim: an ogre, wielding a giant club (severely wounded, chance to defeat MR: 45%)
The ogre resists with some effort.
Casting: Ensorcelled Hibernation
Confirm with . or Enter, or press ? or * to list all spells.
Aiming: Ensorcelled Hibernation
Press: ? - help, Shift-Dir - straight line, f/p - ogre
Aim: an ogre, wielding a giant club (severely wounded, chance to defeat MR: 45%)
The ogre resists with some effort.
The ogre hits you with a giant club!!
Ouch! That really hurt!
You see here 9 gold pieces.
Casting: Ensorcelled Hibernation
Confirm with . or Enter, or press ? or * to list all spells.
Aiming: Ensorcelled Hibernation
Press: ? - help, Shift-Dir - straight line, f/p - ogre
Aim: an ogre, wielding a giant club (severely wounded, chance to defeat MR: 45%)
The ogre resists with some effort.
The ogre hits you with a giant club!!
Ouch! That really hurt!
You die...

#### #.......# ...# #..###
###...$.#..... #....##
####..#.......# #.....###
#..##.......#
#.......#####..#........
#...........#..#.......
#....................#
#...........#.O.....###
#............#@.......#########
#..............................
#..............###.............
#............### ##............
#.........#### ##..##.......
#........## ##..#.......
##.......## ##..#......
#..#....## ##..#..... #########
##..##...


You could see an ogre.

Vanquished Creatures
  Sigmund (D:3)
  3 gnolls (D:3)
  2 adders
  2 worms (D:3)
  3 dart slugs
  A leopard gecko (D:3)
  6 orcs (D:3)
  A giant cockroach (D:1)
  6 goblins
  6 hobgoblins
  2 jackals (D:3)
  A quokka (D:3)
  3 bats (D:2)
  A frilled lizard (D:1)
  12 kobolds
  8 rats (D:1)
58 creatures vanquished.

Notes
Turn   | Place    | Note
-------+----------+-------------------------------------------
     0 | D:1      | dohliylev the Vampire Enchanter began the quest for the Orb.
     0 | D:1      | Reached XP level 1. HP: 13/13 MP: 3/3
   484 | D:1      | Reached XP level 2. HP: 9/19 MP: 1/5
   488 | D:1      | Learned a level 2 spell: Ensorcelled Hibernation
   544 | D:1      | Reached skill level 5 in Stealth
  1654 | D:2      | Reached skill level 6 in Stealth
  1676 | D:2      | Found an iron altar of Okawaru.
  1679 | D:2      | Reached XP level 3. HP: 23/24 MP: 1/6
  1686 | D:2      | Learned a level 3 spell: Confuse
  2393 | D:3      | Noticed Sigmund
  2399 | D:3      | Killed Sigmund
  2399 | D:3      | Reached skill level 9 in Stealth
  2399 | D:3      | Reached XP level 4. HP: 30/30 MP: 4/7
  2399 | D:3      | Reached XP level 5. HP: 35/35 MP: 4/8
  2631 | D:3      | Reached skill level 5 in Hexes
  3169 | D:3      | Reached XP level 6. HP: 31/41 MP: 4/9
  3650 | D:4      | Slain by an ogre

Skill      XL: |  1  2  3  4  5  6 |
---------------+-------------------+-----
Stealth        | 6 9 |  9.3
Hexes          | 5 6 |  6.0
Short Blades   | |  1.1
Dodging        | |  2.1
Spellcasting   | |  2.1

Action                   |  1- 3 |  4- 6 || total
-------------------------+-------+-------++-------
Melee: Dagger            |    63 |       ||    63
       Bite              |     4 |     5 ||     9
       Short sword       |    54 |    63 ||   117
 Cast: Corona            |     7 |       ||     7
       Ensorcelled Hiber |    19 |    29 ||    48
 Stab: Sleeping          |    17 |    17 ||    34
  Eat: Corpse            |    16 |     6 ||    22
Armor: Robe              |    19 |     8 ||    27
Dodge: Dodged            |    77 |    21 ||    98
